 Dungeon Crawl Stone Soup version 0.29.1-15-g9cfb28693d (webtiles) character file.

Game seed: 4431932820922543513

1918 LustLizard the Grappler (level 8, -17/81 HPs)
             Began as a Troll Fighter on Mar 25, 2023.
             Was an Initiate of Wu Jian.
             Demolished by a two-headed ogre
             ... wielding a +0 giant spiked club
              (31 damage)
             ... on level 7 of the Dungeon.
             The game lasted 00:09:00 (5522 turns).

LustLizard the Grappler (Troll Fighter)             Turns: 5522, Time: 00:09:01

Health: -17/81     AC:  7    Str: 25    XL:     8   Next: 95%
Magic:  7/7        EV:  8    Int:  6    God:    Wu Jian [......]
Gold:   428        SH:  8    Dex:  9    Spells: 7/7 levels left

rFire   . . .      SeeInvis .     - Unarmed
rCold   + . .      Faith    .   b - +0 kite shield
rNeg    . . .      Spirit   .   a - +0 robe
rPois   .          Reflect  .   (helmet restricted)
rElec   .          Harm     .   s - +2 cloak
rCorr   .          Rampage  .   (gloves unavailable)
Will    .....                   (boots unavailable)
Stlth   +.........              p - amulet of regeneration
HPRegen 1.83/turn               m - ring of protection from cold
MPRegen 0.10/turn               (no ring)

@: no status effects
A: large, unfitting armour, claws 3, regeneration 1, shaggy fur 1, tough skin 1
a: Renounce Religion


You were on level 7 of the Dungeon.
You worshipped Wu Jian.
Wu Jian was noncommittal.
You visited 2 branches of the dungeon, and saw 8 of its levels.

You collected 428 gold pieces.

Inventory:

Hand Weapons
 r - the +1 hand axe of Nure Myu {freeze, rElec}
   (You found it on level 4 of the Dungeon)

   It freezes those it strikes, dealing additional cold damage.
   It can also slow down cold-blooded creatures.
   rElec:     It insulates you from electricity.
Missiles
 d - 10 poisoned darts (quivered)
Armour
 a - a +0 robe (worn)
 b - a +0 kite shield (worn)
 s - a +2 cloak (worn)
Jewellery
 h - a ring of fire
 m - a ring of protection from cold (left claw)
 p - an amulet of regeneration (around neck)
Wands
 j - a wand of paralysis (6)
Scrolls
 g - a scroll of blinking {unknown}
 k - a scroll of enchant weapon {unknown}
 l - 2 scrolls of immolation {unknown}
 q - a scroll of enchant armour {unknown}
 t - 2 scrolls of teleportation {unknown}
 v - a scroll of summoning {unknown}
 w - a scroll of magic mapping {unknown}
Potions
 c - 4 potions of might
 e - 4 potions of heal wounds
 f - 4 potions of curing
 i - a potion of ambrosia {unknown}
 n - 2 potions of brilliance
 o - a potion of mutation {unknown}
 u - a potion of lignification {unknown}


   Skills:
 + Level 5.4 Fighting
 - Level 2.4 Dodging
 + Level 5.9 Shields
 * Level 8.5 Unarmed Combat


You had 7 spell levels left.
You didn't know any spells.
Your spell library contained the following spells:

 Spells                   Type           Power      Damage    Failure   Level
 Sandblast                Erth           0%         2d4       71%         1
 Passwall                 Tmut/Erth      0%         N/A       85%         2
 Stone Arrow              Conj/Erth      0%         3d7       97%         3


Dungeon Overview and Level Annotations

Branches:
Dungeon (7/15)             Temple (1/1) D:6

Altars:
Ashenzari
Cheibriados
Dithmenos
Elyvilon
Gozag
Kikubaaqudgha
Nemelex Xobeh
Qazlal
Sif Muna
Uskayaw
Vehumet
Wu Jian
Zin
The Shining One


Innate Abilities, Weirdness & Mutations

You are too large for most types of armour.
You have claws for hands.
Your natural rate of healing is unusually fast.
You are covered in fur. (AC +1)
You have tough skin. (AC +1)


Message History

The Council accepts your kill.
No target in view!
No target in view!
You see here an iguana corpse.
Key pressed, stopping explore.
The two-headed ogre shouts in stereo!
Throw: 14 darts (poison)
Press: ? - help, Q - select action, (/) - cycle Shift-Dir - straight line, f - two-headed ogre
Aim: a two-headed ogre, wielding a +0 giant spiked club and a +0 giant club (72% to hit)
You throw a poisoned dart.
The poisoned dart hits the two-headed ogre.
Throw: 13 darts (poison)
Press: ? - help, Q - select action, (/) - cycle Shift-Dir - straight line, f/p - two-headed ogre
Aim: a two-headed ogre, wielding a +0 giant spiked club and a +0 giant club (72% to hit)
You throw a poisoned dart.
The poisoned dart barely misses the two-headed ogre.
Throw: 12 darts (poison)
Press: ? - help, Q - select action, (/) - cycle Shift-Dir - straight line, f/p - two-headed ogre
Aim: a two-headed ogre, wielding a +0 giant spiked club and a +0 giant club (72% to hit)
You throw a poisoned dart.
The poisoned dart closely misses the two-headed ogre.
Throw: 11 darts (poison)
Press: ? - help, Q - select action, (/) - cycle Shift-Dir - straight line, f/p - two-headed ogre
Aim: a two-headed ogre, wielding a +0 giant spiked club and a +0 giant club (72% to hit)
You throw a poisoned dart.
The poisoned dart hits the two-headed ogre.
The two-headed ogre is poisoned.
You lunge at the two-headed ogre.
You scratch the two-headed ogre.
The two-headed ogre is lightly wounded.
The two-headed ogre closely misses you.
The two-headed ogre hits you with a +0 giant club!!
You claw the two-headed ogre!
The two-headed ogre is moderately wounded.
The two-headed ogre hits you with a +0 giant spiked club!!
The two-headed ogre hits you with a +0 giant club!!
* * * LOW HITPOINT WARNING * * *
You barely miss the two-headed ogre.
The two-headed ogre is moderately wounded.
The two-headed ogre hits you with a +0 giant spiked club!!
You die...

...##.#.#######..
##'#..............
....#.#.........(.
....#.#)#.#####.(#
......#.#.# #..# #
[...#.#.#.# #..#.#
....#.#.#.#####..#.####
....#...........O.....#
....+.#.#.######@#
....###.#.######.#
........#........#
.................#
##.####.#######.## #.#
#.# #.# #.# #.# #.# #.#
#(# #.# #.# #.# #.#


You could see a two-headed ogre (poisoned).

Vanquished Creatures
  Edmund (D:5)
  2 water moccasins (D:7)
  An ice beast (D:7)
  A sky beast (D:7)
  An ogre (D:6)
  A black bear (D:4)
  3 centaurs (D:7)
  A phantom (D:4)
  2 scorpions
  2 bullfrogs
  2 howler monkeys
  2 jellies
  2 hounds (D:5)
  4 orc priests
  4 iguanas
  2 orc wizards
  8 adders
  3 gnolls (D:4)
  2 shadow imps (D:7)
  2 white imps
  An ufetubus (D:5)
  16 orcs
  7 ball pythons
  7 bats
  4 endoplasms
  4 giant cockroaches
  5 goblins
  A hobgoblin (D:1)
  4 jackals (D:1)
  6 quokkas
  2 frilled lizards
  3 kobolds
  2 rats
108 creatures vanquished.

Notes
Turn   | Place    | Note
-------+----------+-------------------------------------------
     0 | D:1      | LustLizard the Troll Fighter began the quest for the Orb.
     0 | D:1      | Reached XP level 1. HP: 22/22 MP: 0/0
   164 | D:1      | Reached XP level 2. HP: 29/29 MP: 1/1
   301 | D:1      | Found a faded altar of an unknown god.
   781 | D:2      | Reached XP level 3. HP: 36/36 MP: 2/2
   831 | D:2      | Reached skill level 3 in Unarmed Combat
  1410 | D:3      | Reached XP level 4. HP: 44/44 MP: 3/3
  1478 | D:3      | Found a stormy altar of Qazlal.
  2024 | D:4      | Noticed a phantom
  2025 | D:4      | Noticed a black bear
  2030 | D:4      | Killed a phantom
  2031 | D:4      | Reached skill level 4 in Unarmed Combat
  2031 | D:4      | Reached XP level 5. HP: 53/53 MP: 4/4
  2043 | D:4      | Killed a black bear
  2190 | D:4      | Found a hide-covered altar of Uskayaw.
  2196 | D:4      | Identified the +1 hand axe of Nure Myu {freeze, rElec}
  2274 | D:4      | Reached XP level 6. HP: 61/61 MP: 5/5
  2715 | D:5      | Entered Level 5 of the Dungeon
  2809 | D:5      | Reached skill level 5 in Unarmed Combat
  2977 | D:5      | Noticed Edmund
  2995 | D:5      | Killed Edmund
  2996 | D:5      | Reached XP level 7. HP: 30/70 MP: 6/6
  3150 | D:5      | Reached skill level 6 in Unarmed Combat
  3448 | D:5      | Identified the +2 ring mail of Lucidity {Harm}
  3911 | D:6      | Found an ancient bone altar of Kikubaaqudgha.
  3990 | D:6      | Found a shimmering blue altar of Sif Muna.
  4260 | D:6      | Found a broken altar of Ashenzari.
  4413 | D:6      | Found a staircase to the Ecumenical Temple.
  4442 | Temple   | Entered the Ecumenical Temple
  4459 | Temple   | Became a worshipper of the Wu Jian Council
  4524 | D:6      | Reached skill level 5 in Shields
  4524 | D:6      | Reached XP level 8. HP: 78/79 MP: 7/7
  4827 | D:6      | Reached skill level 7 in Unarmed Combat
  5018 | D:7      | Reached skill level 5 in Fighting
  5103 | D:7      | Noticed a two-headed ogre
  5181 | D:7      | Reached skill level 8 in Unarmed Combat
  5197 | D:7      | Found a radiant altar of Vehumet.
  5225 | D:7      | Identified the +0 scale mail of Cicerab {rN+ Str+3}
  5397 | D:7      | Found a shadowy altar of Dithmenos.
  5522 | D:7      | Demolished by a two-headed ogre

Illustrated notes

Levels and vault maps discovered:
D:1:      dpeg_arrival_shelter, layout_loops_cross,
          shapermc_ecumenical_altar_petra, serial_glass, glass_columns_b,
          glass_columns_a, glass_columns_a, glass_columns_b, glass_columns_b,
          glass_columns_b, glass_columns_c, glass_columns_b,
          due_unseen_surprise, nicolae_figureground_pulse
D:2:      layout_loops_ring
D:3:      layout_rooms, mainiacjoe_overflow_catwalk, minmay_misc_feat_chi
D:4:      layout_basic, mainiacjoe_overflow_alcove_2
D:5:      layout_layer_cave, uniq_edmund
D:6:      layout_basic, nicolae_sif_muna_little_library,
          evilmike_ruin_ashenzari, lemuel_crystal_altar,
          minmay_temple_entry_enclosed_plants
D:7:      minmay_thinvault, layout_basic, grunt_dithmenos_shadows,
          kennysheep_little_box, amethyst_killhole, kennysheep_crisscross
Temple:   hellmonk_temple_two_chambers

Skill      XL: |  1  2  3  4  5  6  7  8 |
---------------+-------------------------+-----
Shields        | 3 4 5 |  5.9
Unarmed Combat | 3 4 5 6 8 |  8.5
Fighting       | 3 4 5 |  5.4
Dodging        | |  2.4

Action                   |  1- 3 |  4- 6 |  7- 9 || total
-------------------------+-------+-------+-------++-------
Melee: Unarmed           |    83 |   123 |   121 ||   327
Throw: Dart              |     3 |     1 |    13 ||    17
Invok: Lunge             |       |       |     3 ||     3
  Use: Scroll            |       |     2 |     1 ||     3
       Potion            |       |     1 |     1 ||     2
Armor: Robe              |    23 |    33 |    25 ||    81
Dodge: Dodged            |    24 |    51 |    33 ||   108
Block: Kite shield       |    31 |    49 |    36 ||   116
